 Dungeon Crawl Stone Soup version 0.30-b1-2-g02819fbbbe (webtiles) character file.

Game seed: 11957820943912849963

17 Alarkh the Charlatan (level 2, -3/23 HPs)
             Began as a Demonspawn Artificer on July 11, 2023.
             Killed from afar by Sigmund (9 damage)
             ... with a puff of flame
             ... on level 2 of the Dungeon.
             The game lasted 00:01:22 (993 turns).

Alarkh the Charlatan (Demonspawn Artificer)          Turns: 993, Time: 00:01:22

Health: -3/23      AC:  3    Str: 12    XL:     2   Next: 44%
Magic:  2/2        EV: 11    Int: 12    God:
Gold:   92         SH:  0    Dex: 13    Spells: 1/1 levels left

rFire   . . .        a - +0 club
rCold   . . .        (no shield)
rNeg    . . .        b - +0 leather armour
rPois   .            (no helmet)
rElec   .            (no cloak)
rCorr   .            (no gloves)
SInv    .            (no boots)
Will    .....        (no amulet)
Stlth   +            (no ring)
HPRegen 0.23/turn    (no ring)
MPRegen 0.08/turn

%: no passive effects
@: confused
A: weakness stinger 1
a: no special abilities


You were on level 2 of the Dungeon.
You visited 1 branch of the dungeon, and saw 2 of its levels.

You collected 92 gold pieces.

Inventory:

Hand Weapons
 a - a +0 club (weapon)
Armour
 b - a +0 leather armour (worn)
Magical Staves
 k - a staff of death
Wands
 c - a wand of flame (13) (quivered)
 d - a wand of charming (15)
 e - a wand of iceblast (5)
Scrolls
 f - 2 scrolls of magic mapping {unknown}
 g - a scroll of amnesia {unknown}
 i - a scroll of vulnerability {unknown}
 j - 3 scrolls of identify {unknown}
 m - a scroll of torment {unknown}
 n - a scroll of poison {unknown}
 p - a scroll of fear {unknown}
Potions
 h - a potion of brilliance {unknown}
 l - a potion of lignification {unknown}
 o - a potion of curing {unknown}


   Skills:
 + Level 2.5 Fighting
 * Level 0.0 Staves
 - Level 1.7 Armour
 - Level 0.8 Dodging
 - Level 0.8 Stealth
 - Level 3.0 Evocations


You had one spell level left.
You didn't know any spells.
Your spell library was empty.

Dungeon Overview and Level Annotations

Branches:
Dungeon (2/15)

Altars:

Annotations:
D:2 Sigmund


Innate Abilities, Weirdness & Mutations

You have a small tail.


Message History

No target in view!
No target in view!
No target in view!
No target in view!
f - 2 scrolls labelled HUSIW KYDUEL (gained 1)
p - a scroll labelled YME HUNNUM You now have 92 gold pieces (gained 13).
Sigmund the Dreaded comes into view.
He is wielding a +0 scythe.
Sigmund shouts!
Sigmund casts a spell.
Sigmund flickers and vanishes!
Deactivating autopickup; reactivate with Ctrl-A.
There is a strange disturbance nearby!
There is a strange disturbance nearby!
A magic dart appears from out of thin air!
The magic dart hits you.
Sigmund appears from thin air!
Reactivating autopickup.
Sigmund casts a spell at you.
You are confused.
You bump into the rock wall.
There is a stone staircase leading up here.
You bump into the rock wall.
Sigmund casts a spell at you.
You are more confused.
In your confused state, you trip and fall back down the stairs.
Sigmund is nearby!
Sigmund points at you and mumbles some strange words.
The magic dart hits you.
In your confused state, you trip and fall back down the stairs.
Sigmund gestures at you while chanting. The magic dart hits you!
In your confused state, you trip and fall back down the stairs.
* * * LOW HITPOINT WARNING * * *
Sigmund drinks a potion.
Sigmund seems to grow stronger.
In your confused state, you trip and fall back down the stairs.
* * * LOW HITPOINT WARNING * * *
Sigmund points at you and mumbles some strange words.
The puff of flame hits you!
You die...

.##.# .##.####
.#.....# .#.....#
.#.....# .#.....#
.#.....#
.#...#############
..............@.@#
##...#############
###+## .##.#
.##.## .....##
..#...# ....#.#
###.# ..


You could see Sigmund (strong).

Vanquished Creatures
  A worm (D:2)
  A dart slug (D:1)
  2 bats (D:1)
  2 goblins (D:1)
  A hobgoblin (D:1)
  A kobold (D:1)
  A quokka (D:1)
  A ball python (D:1)
  A rat (D:2)
11 creatures vanquished.

Notes
Turn   | Place    | Note
-------+----------+-------------------------------------------
     0 | D:1      | Alarkh the Demonspawn Artificer began the quest for the
                  | Orb.
     0 | D:1      | Reached XP level 1. HP: 15/15 MP: 1/1
   431 | D:1      | Gained mutation: You have a small tail. [demonic ancestry]
   431 | D:1      | Reached XP level 2. HP: 12/22 MP: 2/2
   957 | D:2      | Noticed Sigmund
   993 | D:2      | Killed from afar by Sigmund

Illustrated notes

Levels and vault maps discovered:
D:1:      dpeg_arrival_erosion, layout_loops_ring, minmay_split_cup_large
D:2:      layout_basic, kennysheep_big_empty_room, minmay_misc_feat_cross,
          uniq_robin, uniq_sigmund

Skill      XL: |  1 |
---------------+----+-----
Fighting       | 2 |  2.5
Armour         | |  1.7
Dodging        | |  0.8
Stealth        | |  0.8
Evocations     | |  3.0

Action                     || total
---------------------------++-------
  Melee: Club              ||    46
         Tailslap          ||     4
  Evoke: Wand              ||     2
 Armour: Leather armour    ||    16
  Dodge: Dodged            ||    26
